[Event "Titled Tuesday Blitz March 28 Late 2023"]
[White "Papayan, Oleg"]
[Black "OKEKE, Isaac Chukwudalu"]
[WhiteFideId "4193911"]
[BlackFideId "8508526"]
[WhiteElo "2153"]
[BlackElo "2161"]
[Result "1-0"]
[Round "09"]
[TimeControl "180+2"]
[Date "2023.03.28"]
[WhiteClock "0:02:34"]
[BlackClock "0:02:23"]

1. e4 c5 2. Nf3 d6 3. d4 cxd4 4. Qxd4 Nc6 5. Bb5 Nf6 6. Bg5 a6 7. Bxc6+ bxc6 8. e5 Qa5+ 9. Nc3 c5 10. Qd2 Ne4 11. Nxe4 1-0


[Site "https://www.chess.com"]

[Event "Titled Tuesday Blitz March 28 Late 2023"]
[White "Wu, Sibo"]
[Black "Estrada Nieto, Julian"]
[WhiteFideId "8606048"]
[BlackFideId "5101018"]
[WhiteElo "2301"]
[BlackElo "2176"]
[Result "0-1"]
[Round "09"]
[TimeControl "180+2"]
[Date "2023.03.28"]
[WhiteClock "0:00:04"]
[BlackClock "0:00:15"]

1. d4 d5 2. Bf4 Nf6 3. e3 c5 4. Nf3 Nc6 5. Nbd2 cxd4 6. exd4 Qb6 7. Nb3 Bf5 8. c3 e6 9. a4 a6 10. Be2 Be7 11. O-O O-O 12. Ne5 Nxe5 13. Bxe5 Ne4 14. a5 Qc6 15. Nc1 Nd6 16. Nd3 Nc4 17. Ra2 Bd6 18. Bxd6 Qxd6 19. Nc5 Qc6 20. Bxc4 dxc4 21. Ra4 Qb5 22. Rb4 Qxa5 23. Nxb7 Qd5 24. Nc5 a5 25. Ra4 Rfb8 26. Ra2 Rb5 27. Re1 h6 28. Qe2 Rab8 29. h3 Bg6 30. Rea1 e5 31. Rxa5 Rxa5 32. Rxa5 exd4 33. cxd4 Qxd4 34. Qf3 Qxb2 35. Ra8 Rxa8 36. Qxa8+ Kh7 37. Qd5 Qc1+ 38. Kh2 Qf4+ 39. Kg1 c3 40. Nd7 c2 41. Nf8+ Kg8 42. Nxg6 c1=Q+ 0-1


[Site "https://www.chess.com"]

[Event "Titled Tuesday Blitz March 28 Late 2023"]
[White "Rose, Felix"]
[Black "Olsson, William"]
[WhiteFideId "5105722"]
[BlackFideId "1741721"]
[WhiteElo "2039"]
[BlackElo "2197"]
[Result "1-0"]
[Round "09"]
[TimeControl "180+2"]
[Date "2023.03.28"]
[WhiteClock "0:00:10"]
[BlackClock "0:00:02"]

1. e4 c5 2. Nf3 d6 3. d4 cxd4 4. Nxd4 Nf6 5. Nc3 g6 6. Be3 Bg7 7. f3 O-O 8. Qd2 Nc6 9. O-O-O d5 10. Qe1 e5 11. Nxc6 bxc6 12. exd5 Nxd5 13. Ne4 Qc7 14. Bc5 Rd8 15. g4 Be6 16. h4 h6 17. h5 f5 18. gxf5 gxf5 19. Nf2 Rab8 20. Rg1 Kh7 21. Bd3 e4 22. b3 Qf4+ 23. Rd2 Bc3 24. fxe4 Nb4 25. Be3 Nxd3+ 26. Nxd3 Bxd2+ 27. Bxd2 Qxe4 28. Qg3 Qg4 29. Qc7+ Rd7 30. Qxb8 Qxg1+ 31. Kb2 Qd4+ 32. Bc3 Rd8 33. Qg3 Qg4 34. Qc7+ Rd7 35. Qxc6 f4 36. Ne5 Qf5 37. Nxd7 Bxd7 38. Qd6 Kg8 39. Qxh6 f3 40. Qg7# 1-0


[Site "https://www.chess.com"]

[Event "Titled Tuesday Blitz March 28 Late 2023"]
[White "WindWhistler11"]
[Black "Svicevic, Rastko"]
[BlackFideId "916315"]
[WhiteElo "2472"]
[BlackElo "2071"]
[Result "1-0"]
[Round "09"]
[TimeControl "180+2"]
[Date "2023.03.28"]
[WhiteClock "0:00:05"]
[BlackClock "0:00:01"]

1. Nf3 d5 2. c4 e6 3. g3 c6 4. Bg2 g6 5. O-O Bg7 6. Qc2 Ne7 7. d3 O-O 8. Nc3 d4 9. Na4 e5 10. b4 b6 11. b5 Bb7 12. bxc6 Bxc6 13. Ba3 Qd7 14. Nb2 Na6 15. Bxe7 Qxe7 16. Nd2 Bxg2 17. Kxg2 Nc5 18. Na4 f5 19. Nxc5 Qxc5 20. Rab1 Rae8 21. f3 Bh6 22. Nb3 Qc6 23. c5 e4 24. Nxd4 exf3+ 25. exf3 Qxc5 26. Qb3+ Kh8 27. Ne6 Rxe6 28. Qxe6 Qc2+ 29. Kh1 Qxd3 30. Rbd1 Qc3 31. Qe7 a5 32. Rd8 Qb4 33. Rxf8+ Bxf8 34. Qf6+ Bg7 35. Qd8+ Bf8 36. Rc1 Qa3 37. Qd4+ Kg8 38. Qd5+ Kh8 39. Rc8 Qe7 40. Qd4+ Kg8 41. Qc4+ Kg7 42. Qc3+ 1-0


[Site "https://www.chess.com"]

[Event "Titled Tuesday Blitz March 28 Late 2023"]
[White "Oro, Faustino"]
[Black "Golubev, Mikhail"]
[WhiteFideId "20000197"]
[BlackFideId "14100983"]
[WhiteElo "1984"]
[BlackElo "2374"]
[Result "1-0"]
[Round "09"]
[TimeControl "180+2"]
[Date "2023.03.28"]
[WhiteClock "0:00:13"]
[BlackClock "0:00:02"]

1. e4 c5 2. Nf3 d6 3. d4 Nf6 4. Nc3 cxd4 5. Nxd4 g6 6. Be3 Bg7 7. f3 a6 8. Qd2 h5 9. O-O-O Nbd7 10. Bc4 Qc7 11. Bb3 b5 12. Kb1 Bb7 13. Rhe1 Nb6 14. Qe2 O-O 15. h3 b4 16. Na4 Nxa4 17. Bxa4 e5 18. Nb3 d5 19. Bc5 Rfc8 20. Bxb4 dxe4 21. Nc5 exf3 22. gxf3 Nd5 23. Ba3 Bc6 24. Bb3 Rd8 25. Qc4 Ne3 26. Rxd8+ Rxd8 27. Qe2 Nf5 28. Nxa6 Qb6 29. Bc5 Qb7 30. Nb4 Bxf3 31. Qf2 Nd4 32. Bc4 Rc8 33. Nd3 Be4 34. Bxf7+ Qxf7 35. Qxf7+ Kxf7 36. Rxe4 Ne6 37. Be3 Rc6 38. Rxe5 Rc4 39. Rd5 Rh4 40. Rd7+ Ke8 41. Rd6 Ke7 42. Ra6 Rxh3 43. Bc1 1-0


[Site "https://www.chess.com"]

[Event "Titled Tuesday Blitz March 28 Late 2023"]
[White "Khandelwal, Ankush"]
[Black "Fiorito, Francisco"]
[WhiteFideId "413470"]
[BlackFideId "180165"]
[WhiteElo "2263"]
[BlackElo "2341"]
[Result "0-1"]
[Round "09"]
[TimeControl "180+2"]
[Date "2023.03.28"]
[WhiteClock "0:00:13"]
[BlackClock "0:02:20"]

1. e4 c5 2. Nf3 Nc6 3. d4 cxd4 4. Nxd4 g6 5. c4 Nf6 6. Nc3 d6 7. Be2 Nxd4 8. Qxd4 Bg7 9. Bg5 h6 10. Be3 O-O 11. Qd2 Kh7 12. O-O a5 13. f4 a4 14. f5 Qa5 15. fxg6+ fxg6 16. a3 Be6 17. Rad1 Rac8 18. Nd5 Qxd2 19. Nxf6+ Rxf6 20. Rxd2 Rxf1+ 21. Bxf1 Bxc4 22. Rc2 Be6 23. Rxc8 Bxc8 24. Bc1 Bd7 25. Kf2 Bd4+ 26. Kf3 Bc6 27. Bc4 Kg7 28. h3 Kf6 29. h4 g5 30. hxg5+ hxg5 31. Kg4 Bxe4 32. Bxg5+ Ke5 33. Bxe7 Bxb2 34. Bb5 Bc6 35. Bxc6 bxc6 36. Kh5 Bxa3 37. g4 Bc1 38. g5 Bxg5 39. Kxg5 a3 40. Bf6+ Ke4 41. Ba1 d5 42. Kf6 c5 43. Ke6 d4 44. Kd6 d3 45. Bc3 a2 46. Kxc5 d2 47. Bxd2 a1=Q 0-1


[Site "https://www.chess.com"]

[Event "Titled Tuesday Blitz March 28 Late 2023"]
[White "Gatterer, Florian"]
[Black "Romanchuk, Viktor"]
[WhiteFideId "811688"]
[BlackFideId "14109271"]
[WhiteElo "2221"]
[BlackElo "2242"]
[Result "1/2-1/2"]
[Round "09"]
[TimeControl "180+2"]
[Date "2023.03.28"]
[WhiteClock "0:01:32"]
[BlackClock "0:01:39"]

1. b3 d5 2. Bb2 c6 3. g3 Bf5 4. Bg2 e6 5. Nf3 Nd7 6. d3 Ngf6 7. Nbd2 h6 8. O-O Bc5 9. h3 O-O 10. Re1 Qb6 11. e3 Bh7 12. d4 Be7 13. c4 c5 14. cxd5 Nxd5 15. Nc4 Qa6 16. Nfe5 Nxe5 17. Nxe5 cxd4 18. Bxd4 Rfd8 19. Bf1 Qd6 20. Qh5 Rf8 21. Nc4 Qb8 22. Be5 Qd8 23. Red1 Qe8 1/2-1/2


[Site "https://www.chess.com"]

[Event "Titled Tuesday Blitz March 28 Late 2023"]
[White "Gonzalez, Francisco Silva"]
[Black "Cori T., Deysi"]
[WhiteFideId "1512285"]
[BlackFideId "3801934"]
[WhiteElo "2074"]
[BlackElo "2292"]
[Result "0-1"]
[Round "09"]
[TimeControl "180+2"]
[Date "2023.03.28"]
[WhiteClock "0:00:19"]
[BlackClock "0:01:31"]

1. d4 c6 2. c4 g6 3. Nc3 Bg7 4. e4 d6 5. Be3 Qc7 6. Qd2 a6 7. Rc1 Nd7 8. h3 e5 9. d5 Ne7 10. Bd3 f5 11. f3 Nf6 12. g4 f4 13. Bf2 h5 14. g5 Nh7 15. h4 O-O 16. Nge2 c5 17. Rb1 Bd7 18. Nc1 Rfb8 19. b4 Nc8 20. Bf1 Bf8 21. bxc5 dxc5 22. Nb3 b5 23. Rd1 Bd6 24. Rh2 Nb6 25. cxb5 c4 26. Na5 axb5 27. Nc6 Na4 28. Nxb5 Rxb5 29. Bxc4 Rb2 30. Qc2 Rxc2 0-1


[Site "https://www.chess.com"]

[Event "Titled Tuesday Blitz March 28 Late 2023"]
[White "Sanchez Alvares, Kelvin Antonio"]
[Black "Melikhov, Evgeny V."]
[WhiteFideId "3906680"]
[BlackFideId "4122046"]
[WhiteElo "2217"]
[BlackElo "2158"]
[Result "1/2-1/2"]
[Round "09"]
[TimeControl "180+2"]
[Date "2023.03.28"]
[WhiteClock "0:00:06"]
[BlackClock "0:00:05"]

1. e4 e5 2. Nf3 Nc6 3. Bb5 a6 4. Ba4 Nf6 5. O-O Nxe4 6. d4 b5 7. Bb3 d5 8. dxe5 Be6 9. Nbd2 Bc5 10. c3 O-O 11. Qe2 Bf5 12. Bc2 Nxc3 13. bxc3 Bxc2 14. Nb3 Bxb3 15. axb3 Qe7 16. Bf4 d4 17. Qe4 Qe6 18. cxd4 f5 19. Qc2 Bxd4 20. Rac1 Bxe5 21. Nxe5 Nxe5 22. Rfe1 Nf3+ 23. gxf3 Qg6+ 24. Bg3 Rf7 25. f4 h5 26. h4 Raf8 27. Qc6 Qg4 28. Kg2 Rf6 29. Qd5+ Kh7 30. Qf3 c6 31. Qxg4 hxg4 32. f3 Rd6 33. Red1 Rfd8 34. Rxd6 Rxd6 35. fxg4 fxg4 36. Bf2 Kg6 37. Rc5 Rd3 38. Rxc6+ Kf5 39. Rxa6 Rxb3 40. Bg3 Rb2+ 41. Kf1 Ke4 42. Be1 Kf3 43. Rd6 Rb1 44. Rd3+ Kxf4 45. Rc3 b4 46. Rc4+ Kf3 47. Rd4 g3 48. Rd3+ Kf4 49. Ke2 g2 50. Bf2 g1=Q 51. Bxg1 Rxg1 52. Rd4+ Kg3 53. Rxb4 Rh1 54. Rb8 Rxh4 55. Rb7 Rf4 56. Rxg7+ Rg4 57. Re7 Kh4 58. Re3 Rg3 59. Rxg3 Kxg3 1/2-1/2


[Site "https://www.chess.com"]

[Event "Titled Tuesday Blitz March 28 Late 2023"]
[White "Remolar Gallen, Jose"]
[Black "Vedder, Richard"]
[WhiteFideId "2215187"]
[BlackFideId "1004166"]
[WhiteElo "2223"]
[BlackElo "2168"]
[Result "1-0"]
[Round "09"]
[TimeControl "180+2"]
[Date "2023.03.28"]
[WhiteClock "0:00:04"]
[BlackClock "0:00:15"]

1. e4 e5 2. Nf3 Nc6 3. Bc4 Nf6 4. O-O Nxe4 5. Nc3 Nd6 6. Bd5 Be7 7. Re1 O-O 8. Nxe5 Nxe5 9. Rxe5 c6 10. Bb3 Ne8 11. d4 d5 12. Re1 Bd6 13. Ne2 Qh4 14. Ng3 Nf6 15. c3 Bg4 16. Qd2 Rfe8 17. Bc2 Ne4 18. Bxe4 dxe4 19. Qg5 Qxg5 20. Bxg5 Bxg3 21. hxg3 h6 22. Bd2 Re6 23. Re3 Rae8 24. Rae1 Bh5 25. c4 Bg6 26. Bc3 R6e7 27. g4 f6 28. Kh2 Kf7 29. Kg3 b5 30. b3 a6 31. Bb4 Re6 32. Bc5 h5 33. a4 hxg4 34. Kxg4 f5+ 35. Kf4 Bh7 36. Rh1 Kg8 37. Rhe1 Rh6 38. f3 Rhe6 39. axb5 axb5 40. d5 cxd5 41. cxd5 Rg6 42. fxe4 Rg4+ 43. Kf3 Rgxe4 44. Rxe4 fxe4+ 45. Ke3 Rc8 46. b4 Kf7 47. Rf1+ Kg8 48. Rh1 Bf5 49. Kf4 Bg6 50. Ke5 Re8+ 51. Kd4 e3 52. Re1 Re4+ 53. Kc3 Rc4+ 54. Kb3 Bc2+ 55. Ka3 Be4 56. d6 Bd5 57. Rxe3 Bc6 58. Kb3 Rc1 59. Kb2 Rd1 60. Re7 Rd5 61. Rc7 Rxc5 62. bxc5 Bxg2 63. d7 1-0


[Site "https://www.chess.com"]

[Event "Titled Tuesday Blitz March 28 Late 2023"]
[White "Romkachess"]
[Black "Abduzhaparov"]
[WhiteElo "2509"]
[BlackElo "2397"]
[Result "1-0"]
[Round "09"]
[TimeControl "180+2"]
[Date "2023.03.28"]
[WhiteClock "0:00:12"]
[BlackClock "0:00:03"]

1. e4 d6 2. d4 Nf6 3. Nc3 e5 4. Nf3 Nbd7 5. g4 g6 6. h3 c6 7. Bg2 h5 8. g5 Nh7 9. h4 Be7 10. dxe5 dxe5 11. Be3 b5 12. Qd2 Qc7 13. O-O-O Nhf8 14. Kb1 Ne6 15. Ne2 Ndc5 16. Nh2 a5 17. f4 exf4 18. Nxf4 a4 19. Qc3 O-O 20. Nxe6 Nxe6 21. Nf3 b4 22. Qe5 b3 23. Qxc7 bxa2+ 24. Kxa2 Nxc7 25. Nd4 a3 26. b3 Nb5 27. Nxc6 Nc3+ 28. Ka1 Nxd1 29. Nxe7+ Kh7 30. Rxd1 Bg4 31. Rd2 Rfe8 32. Nd5 Red8 33. e5 Rac8 34. c4 Be6 35. Ka2 Rb8 36. Bc5 Kg7 37. Be7 Rdc8 38. Bd6 1-0


[Site "https://www.chess.com"]

[Event "Titled Tuesday Blitz March 28 Late 2023"]
[White "ArturoCaceres"]
[Black "Santos Flores, Alberto"]
[BlackFideId "3601234"]
[WhiteElo "2391"]
[BlackElo "2235"]
[Result "1-0"]
[Round "09"]
[TimeControl "180+2"]
[Date "2023.03.28"]
[WhiteClock "0:01:15"]
[BlackClock "0:00:51"]

1. e4 c5 2. Nf3 Nc6 3. Bb5 g6 4. Bxc6 dxc6 5. O-O Bg4 6. d3 Bg7 7. h3 Bxf3 8. Qxf3 e5 9. Be3 b6 10. Nd2 Nf6 11. a4 a5 12. Nc4 Qc7 13. Qg3 Nd7 14. f4 O-O-O 15. fxe5 Nxe5 16. Bf4 Rhe8 17. Bxe5 Bxe5 18. Nxe5 Rxe5 19. Rxf7 Qxf7 20. Qxe5 Rf8 21. Kh2 Qc7 22. Qxc7+ Kxc7 23. Kg1 c4 24. d4 Rf4 25. Re1 Kd6 26. g3 Rf8 27. Kg2 b5 28. axb5 cxb5 29. c3 b4 30. Ra1 bxc3 31. bxc3 Ra8 32. Ra4 Kc6 33. Rxc4+ Kb5 34. Rc5+ Kb6 35. Rc4 Kb5 36. Rc7 Kb6 37. Rf7 a4 38. Rf2 a3 39. Ra2 Kb5 40. Kf3 Kc4 41. e5 Kxc3 42. Ke4 Kb3 43. Ra1 a2 44. e6 Kb2 45. Rxa2+ Kxa2 46. d5 Kb3 47. d6 Kc4 48. d7 Ra6 49. d8=Q Rxe6+ 50. Kf4 Rc6 51. Qg8+ Kc5 52. Qxh7 Rd6 53. Kg5 Kd5 54. Qxg6 1-0


[Site "https://www.chess.com"]

[Event "Titled Tuesday Blitz March 28 Late 2023"]
[White "Smith, Garrett L"]
[Black "Pires, Marcos Vinicius Torsani"]
[WhiteFideId "2024829"]
[BlackFideId "2118939"]
[WhiteElo "2334"]
[BlackElo "2273"]
[Result "0-1"]
[Round "09"]
[TimeControl "180+2"]
[Date "2023.03.28"]
[WhiteClock "0:00:53"]
[BlackClock "0:00:54"]

1. e4 c5 2. a3 g6 3. b4 Bg7 4. Nc3 b6 5. bxc5 bxc5 6. Rb1 Nc6 7. Nf3 Nf6 8. Bc4 O-O 9. O-O d6 10. d3 Bg4 11. h3 Bxf3 12. Qxf3 Ne5 13. Qe2 Nxc4 14. dxc4 Rb8 15. Rb3 Qa5 16. Nd5 Nxd5 17. exd5 Bf6 18. g4 Rxb3 19. cxb3 Qc3 20. Qe3 Rb8 21. g5 Be5 22. Re1 Qxb3 23. Kg2 Qxc4 24. f4 Qxd5+ 25. Kh2 Bb2 0-1


[Site "https://www.chess.com"]

[Event "Titled Tuesday Blitz March 28 Late 2023"]
[White "Napoli, Nicolo"]
[Black "koncheto"]
[WhiteFideId "813702"]
[WhiteElo "2308"]
[BlackElo "2474"]
[Result "0-1"]
[Round "09"]
[TimeControl "180+2"]
[Date "2023.03.28"]
[WhiteClock "0:01:28"]
[BlackClock "0:00:17"]

1. e4 e5 2. d4 exd4 3. Qxd4 Nc6 4. Qe3 Nf6 5. Nc3 Bb4 6. Bd2 O-O 7. O-O-O Re8 8. Qg3 d6 9. f3 Be6 10. Nh3 a5 11. Ng5 a4 12. a3 Bc5 13. Nxe6 fxe6 14. h4 d5 15. Bh6 Qe7 16. exd5 exd5 17. Nxd5 Nxd5 18. Bc4 Kh8 19. Bg5 Nf6 20. h5 h6 21. Bf4 Bxa3 22. bxa3 Qxa3+ 23. Kd2 Qb4+ 24. Kc1 Qxc4 0-1


[Site "https://www.chess.com"]

[Event "Titled Tuesday Blitz March 28 Late 2023"]
[White "Skaric, Djuro"]
[Black "Fiorito, Joaquin"]
[WhiteFideId "934569"]
[BlackFideId "180173"]
[WhiteElo "2282"]
[BlackElo "2157"]
[Result "0-1"]
[Round "09"]
[TimeControl "180+2"]
[Date "2023.03.28"]
[WhiteClock "0:00:12"]
[BlackClock "0:00:18"]

1. g3 d5 2. Bg2 Nf6 3. d3 Bf5 4. Nf3 e6 5. O-O Nc6 6. h3 h6 7. Nc3 Be7 8. Bf4 O-O 9. Ne5 Nxe5 10. Bxe5 Bh7 11. e4 c6 12. Kh2 Nd7 13. Bf4 a5 14. a3 Rc8 15. Bd2 d4 16. Ne2 c5 17. f4 e5 18. b3 a4 19. bxa4 c4 20. Bb4 f6 21. fxe5 fxe5 22. dxc4 Nf6 23. Qd3 Qc7 24. Rab1 Rfe8 25. c3 Qxc4 26. Qxc4+ Rxc4 27. cxd4 exd4 28. Nf4 Bxb4 29. Rxb4 Rxb4 30. axb4 Bxe4 31. Rd1 d3 32. Bxe4 Rxe4 33. Nxd3 Rd4 34. Kg2 Nd5 35. Kf3 Nxb4 36. Nf2 Rc4 37. Rd8+ Kh7 38. Rd7 b6 39. Rd6 Nc6 40. Ke3 Nb4 41. Rd7 Nc2+ 42. Kd3 Rxa4 43. Ne4 Nb4+ 44. Ke3 Ra5 45. h4 Nd5+ 46. Kf3 Ra3+ 47. Kf2 Nb4 48. h5 Nd3+ 49. Kg2 Ra2+ 50. Kg1 Ra1+ 51. Kg2 Ne1+ 52. Kf2 Kg8 53. Ke3 Nc2+ 54. Kf4 Rf1+ 55. Ke5 Rf8 56. Rb7 Re8+ 57. Kf5 Nd4+ 58. Kf4 Ne6+ 59. Kg4 Nc5 60. Nxc5 bxc5 61. Rc7 Re5 62. Kf4 Rxh5 63. g4 Rg5 64. Rc6 Kf7 65. Rc7+ Ke6 66. Rc6+ Kd5 67. Rc8 Kc4 68. Rd8 Kb4 69. Rc8 c4 70. Rb8+ Kc3 71. Rc8 Kd3 72. Rb8 c3 73. Rc8 Kc2 74. Rd8 Kb2 75. Rc8 c2 76. Rb8+ Kc1 77. Rc8 Rb5 78. Rd8 Kb2 79. Rd2 Kb1 80. Rd4 c1=Q+ 81. Ke4 Qe1+ 82. Kd3 Rb3+ 83. Kc4 Qb4+ 84. Kd5 Qxd4+ 85. Kxd4 Rg3 86. Ke4 Rxg4+ 87. Kf5 Rg5+ 0-1


[Site "https://www.chess.com"]

[Event "Titled Tuesday Blitz March 28 Late 2023"]
[White "Krstulovic, Alex"]
[Black "Ansh M Shah"]
[WhiteFideId "760056"]
[BlackFideId "25033379"]
[WhiteElo "2311"]
[BlackElo "2084"]
[Result "0-1"]
[Round "09"]
[TimeControl "180+2"]
[Date "2023.03.28"]
[WhiteClock "0:00:02"]
[BlackClock "0:00:09"]

1. e4 c6 2. Nf3 d5 3. exd5 cxd5 4. Ne5 Nc6 5. Bb5 Bd7 6. Bxc6 Bxc6 7. d4 Nf6 8. O-O e6 9. c4 Bd6 10. c5 Bxe5 11. dxe5 Nd7 12. Qg4 g6 13. Qd4 b6 14. cxb6 Qxb6 15. Be3 Qxd4 16. Bxd4 O-O 17. Rc1 Rfc8 18. Nd2 a5 19. Rc3 Bb7 20. Rac1 Rxc3 21. Rxc3 Rc8 22. Rxc8+ Bxc8 23. b3 Nb8 24. f4 Kf8 25. Kf2 Ke7 26. Bc5+ Kd7 27. Nf3 h6 28. Bf8 h5 29. Bd6 Nc6 30. h3 Ba6 31. Bc5 Bb5 32. Bb6 a4 33. bxa4 Bxa4 34. a3 Ke7 35. Ke3 f6 36. exf6+ Kxf6 37. Bd4+ Kf7 38. Bb2 Ke7 39. g4 hxg4 40. hxg4 Kd6 41. Bc3 Kc5 42. Bd4+ Kd6 43. Nh4 Bc2 44. Nf3 Ba4 45. Ne1 e5 46. fxe5+ Nxe5 47. Bxe5+ Kxe5 48. Nf3+ Kd6 49. Nh4 g5 50. Nf5+ Ke5 51. Nd4 Bd1 52. Nf3+ Kf6 53. Nh2 Ke5 54. Nf3+ Kf6 55. Kf2 Kg6 56. Kg3 Kf6 57. Nd4 Ke5 58. Nb5 d4 0-1


[Site "https://www.chess.com"]

[Event "Titled Tuesday Blitz March 28 Late 2023"]
[White "Quinones Garcia, Santiago"]
[Black "Rian, Kapriaga"]
[WhiteFideId "4408497"]
[BlackFideId "7103263"]
[WhiteElo "2263"]
[BlackElo "2369"]
[Result "1-0"]
[Round "09"]
[TimeControl "180+2"]
[Date "2023.03.28"]
[WhiteClock "0:01:57"]
[BlackClock "0:00:03"]

1. d4 Nf6 2. c4 e6 3. Nc3 Bb4 4. Qc2 d5 5. cxd5 Qxd5 6. Nf3 c5 7. dxc5 Qxc5 8. Bd2 O-O 9. Rc1 Nc6 10. a3 Bxc3 11. Bxc3 Nd5 12. Bd2 Qxc2 13. Rxc2 e5 14. e4 Nf6 15. Bd3 Bg4 16. h3 Bxf3 17. gxf3 Nd4 18. Rc7 Nxf3+ 19. Ke2 Nxd2 20. Kxd2 Rfd8 21. Ke3 Rd7 22. Rhc1 Kf8 23. Rxd7 Nxd7 24. Rc7 Ke7 25. Bb5 Rd8 26. Rxb7 a5 27. Ra7 Kd6 28. Bxd7 Rxd7 29. Rxa5 Rb7 30. b4 g6 31. Kd3 f5 32. f3 fxe4+ 33. fxe4 1-0


[Site "https://www.chess.com"]

[Event "Titled Tuesday Blitz March 28 Late 2023"]
[White "Jorajuria Mendoza, Algol"]
[Black "Mazurkiewicz, Michal"]
[WhiteFideId "5128897"]
[BlackFideId "1124943"]
[WhiteElo "2076"]
[BlackElo "2054"]
[Result "0-1"]
[Round "09"]
[TimeControl "180+2"]
[Date "2023.03.28"]
[WhiteClock "0:00:14"]
[BlackClock "0:01:06"]

1. e4 d6 2. d4 Nf6 3. Nc3 c6 4. Be3 e5 5. dxe5 dxe5 6. Qxd8+ Kxd8 7. f3 Be6 8. a4 Nbd7 9. a5 Kc7 10. Nge2 Bc5 11. Kf2 b6 12. Nc1 b5 13. Nd3 Bxe3+ 14. Kxe3 Ne8 15. h4 Nd6 16. b3 f5 17. exf5 Nxf5+ 18. Kf2 Nd4 19. Rc1 Rhf8 20. Ne4 Bd5 21. Ndc5 Nxc5 22. Nxc5 Kd6 23. b4 e4 24. c3 exf3 25. gxf3 Nxf3 26. Kg3 Rae8 27. Bg2 Re3 28. Bxf3 0-1


[Site "https://www.chess.com"]

[Event "Titled Tuesday Blitz March 28 Late 2023"]
[White "Li, Hui"]
[Black "Fernandez, Maria Florencia"]
[WhiteFideId "15400310"]
[BlackFideId "116459"]
[WhiteElo "1967"]
[BlackElo "2155"]
[Result "1-0"]
[Round "09"]
[TimeControl "180+2"]
[Date "2023.03.28"]
[WhiteClock "0:00:12"]
[BlackClock "0:00:07"]

1. e4 c5 2. Nf3 d6 3. d4 cxd4 4. Nxd4 Nf6 5. Nc3 g6 6. Be3 Bg7 7. f3 O-O 8. Qd2 Nc6 9. O-O-O d5 10. Kb1 e5 11. Nxc6 bxc6 12. exd5 cxd5 13. Nxd5 Be6 14. Nxf6+ Bxf6 15. Qxd8 Rfxd8 16. Bb5 e4 17. Ba4 exf3 18. gxf3 Bh3 19. Bb3 Bg2 20. Rhg1 Rxd1+ 21. Rxd1 a5 22. Rd7 Rd8 23. Bxf7+ Kf8 24. Rxd8+ Bxd8 25. Bd5 Bc7 26. Bc5+ Kg7 27. Bd4+ Kh6 28. Bc3 Kh5 29. Be1 h6 30. a4 Bd6 31. Bxa5 Bxh2 32. Bd2 g5 33. a5 Bg1 34. a6 Kh4 35. Be1+ Kh3 36. Be6+ Kh2 37. Bg4 Ba7 38. b4 Kg1 39. b5 Kf1 40. Ba5 Kf2 41. b6 Bxb6 42. Bxb6+ Kg3 43. a7 Bxf3 44. Bxf3 Kxf3 45. a8=Q+ Kg4 46. Qc6 h5 47. Qc4+ Kh3 48. Qe6+ g4 49. Bc7 h4 50. Bd8 Kh2 51. Bxh4 Kh3 52. Bf2 Kg2 53. Qxg4+ Kxf2 54. Qh3 Ke2 55. c4 Kd2 56. c5 Ke2 57. c6 1-0


[Site "https://www.chess.com"]

[Event "Titled Tuesday Blitz March 28 Late 2023"]
[White "Torres Boch, Jose Francisco"]
[Black "Vivas Zamora, Fabian Ernesto"]
[WhiteFideId "2278383"]
[BlackFideId "3902480"]
[WhiteElo "2073"]
[BlackElo "2262"]
[Result "0-1"]
[Round "09"]
[TimeControl "180+2"]
[Date "2023.03.28"]
[WhiteClock "0:00:01"]
[BlackClock "0:00:03"]

1. e4 e5 2. Nf3 Nc6 3. Bb5 Nf6 4. d3 Bc5 5. Bxc6 dxc6 6. Nbd2 Be6 7. O-O Nd7 8. Nc4 f6 9. Be3 Bxc4 10. dxc4 Bxe3 11. fxe3 Nc5 12. Qe2 Nxe4 13. Nxe5 O-O 14. Qg4 Re8 15. Qxe4 Rxe5 16. Qf4 Qd2 17. Rad1 Qxe3+ 18. Qxe3 Rxe3 19. Rd7 Rc8 20. Rfd1 Re2 21. Kf1 Rxc2 22. Re7 Rxc4 23. h3 Rc5 24. Rdd7 Rg5 25. Kf2 h5 26. Kf3 h4 27. Kf2 a5 28. a3 a4 29. Rd4 Kf8 30. Rdd7 Kg8 31. Re4 Rf5+ 32. Kg1 Rb5 33. Rg4 g5 34. Re4 Re5 35. Rb4 b5 36. Rbd4 c5 37. Rd3 b4 38. Kf2 c4 39. R3d4 c3 40. Rxb4 cxb2 41. Rxb2 Kf8 42. Rb4 Re7 43. Rd5 Ra8 44. Rf5 Ra6 45. Rc5 Kf7 46. Rbc4 Kg6 47. Rxc7 Rxc7 48. Rxc7 Rb6 49. Rc4 Ra6 50. Rb4 Kf5 51. Kf3 Kg6 52. Rc4 Kf5 53. Rb4 Ke5 54. Kg4 Ra5 0-1


[Site "https://www.chess.com"]

[Event "Titled Tuesday Blitz March 28 Late 2023"]
[White "Hoffmann, Asa"]
[Black "Skibbe, Willi"]
[WhiteFideId "2001470"]
[BlackFideId "4682190"]
[WhiteElo "2117"]
[BlackElo "2318"]
[Result "1-0"]
[Round "09"]
[TimeControl "180+2"]
[Date "2023.03.28"]
[WhiteClock "0:00:31"]
[BlackClock "0:01:13"]

1. d4 d5 2. Bg5 h6 3. Bh4 c5 4. e3 cxd4 5. exd4 Nc6 6. c3 Bf5 7. Bd3 Bxd3 8. Qxd3 Qb6 9. b3 e6 10. Nd2 Bd6 11. Ngf3 Nge7 12. O-O Nf5 13. Bg3 Nxg3 14. hxg3 O-O 15. Rfe1 Qc7 16. Rac1 Rac8 17. c4 Ba3 18. Rcd1 Nb4 19. Qb1 dxc4 20. bxc4 Nc6 21. Re3 Be7 22. d5 exd5 23. cxd5 Nb4 24. Ne4 Rfd8 25. Qb3 Qc2 26. d6 Bf8 27. Ne5 Qxb3 28. Rxb3 a5 29. a3 Nc6 30. Nxc6 bxc6 31. Rb7 f5 32. d7 Ra8 33. Nd2 Bxa3 34. Nc4 Be7 35. Ne5 Ra6 36. Rc7 Bf6 37. Nxc6 Rxc6 38. Rxc6 Kf7 39. Ra6 Bc3 40. Rd5 g6 41. f4 Ke7 42. Rxg6 Rxd7 43. Rxd7+ Kxd7 44. Rxh6 Kc7 45. Re6 Kd7 46. Re2 a4 47. Ra2 Be1 48. Kh2 1-0


[Site "https://www.chess.com"]

[Event "Titled Tuesday Blitz March 28 Late 2023"]
[White "Wang, Alexander J"]
[Black "Kozin, Yuri"]
[WhiteFideId "30955270"]
[BlackFideId "4129920"]
[WhiteElo "2313"]
[BlackElo "2420"]
[Result "0-1"]
[Round "09"]
[TimeControl "180+2"]
[Date "2023.03.28"]
[WhiteClock "0:00:17"]
[BlackClock "0:00:08"]

1. e4 c5 2. Nf3 e6 3. d4 cxd4 4. Nxd4 Nf6 5. Nc3 d6 6. Be3 a6 7. g3 b5 8. Bg2 Bb7 9. a3 Qc7 10. O-O Be7 11. h3 O-O 12. f4 Rd8 13. g4 d5 14. e5 Ne4 15. Nxe4 dxe4 16. c3 Nc6 17. Qe2 Nxd4 18. cxd4 Bd5 19. Rfe1 b4 20. axb4 Bxb4 21. Rec1 Qb7 22. f5 Be7 23. Rf1 Rdc8 24. Rac1 Rab8 25. f6 Bf8 26. fxg7 Bxg7 27. Rxc8+ Rxc8 28. Rc1 Rb8 29. h4 Bf8 30. Rc2 Be7 31. h5 Qb3 32. h6 Qd3 33. Qxd3 exd3 34. Rd2 Bc4 35. Be4 Bb4 36. Rd1 Bb3 37. Rxd3 Bc2 38. Rc3 Bxc3 39. Bxc2 Rxb2 40. Bd3 Bxd4 41. Bxd4 Rd2 42. Bxa6 Rxd4 43. Be2 Re4 44. Bf3 Rxe5 45. Kf2 Ra5 46. Ke3 f6 47. Kf4 Ra4+ 48. Ke3 Ra3+ 49. Ke2 Ra5 50. Ke3 Ra2 51. Be4 Rh2 52. Kf4 Rxh6 53. g5 fxg5+ 54. Kxg5 Rh2 55. Kf4 Kf7 56. Bf3 Kf6 57. Ke3 Rb2 58. Bg4 Rb3+ 59. Kf2 Rb4 60. Be2 h6 61. Bd3 Rb3 62. Be4 Ra3 63. Kg2 Kg5 64. Kf2 Kf4 65. Bc6 Ra2+ 66. Kf1 e5 67. Bd5 Rb2 68. Bc6 e4 69. Ke1 Ke3 70. Kd1 h5 71. Be8 h4 72. Bd7 Rh2 73. Bg4 Kd3 74. Ke1 e3 75. Bf5+ Kd4 76. Kf1 Rb2 77. Bh3 Ke5 78. Ke1 Kf4 79. Bd7 Kg3 80. Bc6 h3 81. Kd1 h2 82. Kc1 Rg2 83. Bxg2 Kxg2 84. Kd1 Kf2 85. Kc2 e2 86. Kd2 e1=Q+ 87. Kd3 Qe3+ 88. Kc4 Qd2 89. Kc5 Qd3 90. Kb4 Qc2 91. Kb5 Qc3 92. Ka4 Qb2 93. Ka5 h1=Q 94. Ka4 Qha1# 0-1


[Site "https://www.chess.com"]